 Dungeon Crawl Stone Soup version 0.31.0-12-g77e489cdc1 (webtiles) character file.

Game seed: 7515294850545928134

318 BlackCrag the Magician (level 6, -6/32 HPs)
             Began as a Deep Elf Earth Elementalist on Mar 3, 2024.
             Mangled by Prince Ribbit (8 damage)
             ... on level 4 of the Dungeon.
             The game lasted 00:14:33 (3986 turns).

BlackCrag the Magician (DEEE)                       Turns: 3986, Time: 00:14:34

Health: -6/32      AC:  2    Str:  5    XL:     6   Next: 21%
Magic:  7/17       EV: 13    Int: 22    God:
Gold:   192        SH:  0    Dex: 15    Spells: 4/17 levels left

rFire   . . .        (no weapon)
rCold   . . .        (no shield)
rNeg    . . .        a - +0 robe
rPois   .            (no helmet)
rElec   .            (no cloak)
rCorr   .            (no gloves)
SInv    .            (no boots)
Will    .....        (no amulet)
Stlth   ++           (no ring)
HPRegen 0.25/turn    (no ring)
MPRegen 0.15/turn

%: no passive effects
@: no status effects
A: no striking features
a: no special abilities


You were on level 4 of the Dungeon.
You visited 1 branch of the dungeon, and saw 5 of its levels.

You collected 192 gold pieces.

Inventory:

Armour
 a - a +0 robe (worn)
Scrolls
 c - a scroll of teleportation
 d - 4 scrolls of immolation {unknown}
 f - a scroll of fog {unknown}
 h - a scroll of revelation {unknown}
 j - a scroll of amnesia {unknown}
Potions
 b - a potion of magic
 e - a potion of heal wounds
 g - 2 potions of curing {unknown}
 i - a potion of might {unknown}
 k - 2 potions of enlightenment


   Skills:
 + Level 2.7 Dodging
 + Level 2.8 Stealth
 * Level 6.3 Spellcasting
 * Level 2.1 Conjurations
 * Level 0.5 Ice Magic
 * Level 5.3 Earth Magic


You had 4 spell levels left.
You knew the following spells:

 Your Spells              Type           Power      Damage    Failure   Level
a - Sandblast             Erth           60%        2d14      1%          1
b - Passwall              Erth           30%        N/A       3%          3
c - Stone Arrow           Conj/Erth      46%        3d9       5%          3
d - Magic Dart            Conj           64%        1d6       3%          1
e - Frozen Ramparts       Ice            18%        1d3       22%         3
f - Searing Ray           Conj           32%        2d5       5%          2

Your spell library contained the following spells:

 Spells                   Type           Power      Damage    Failure   Level
 Freeze                   Ice            36%        1d5       7%          1
 Momentum Strike          Conj/Tloc      22%        3d8       9%          2
 Blink                    Tloc           12%        N/A       14%         2
 Lesser Beckoning         Tloc           12%        N/A       14%         2
 Hailstorm                Conj/Ice       12%        3d6       16%         3
 Brom's Barrelling Bould  Conj/Erth      23%        2d4       19%         4
 Petrify                  Alch/Erth      18%        N/A       28%         4
 Fulminant Prism          Conj/Alch      5%         3d7       50%         4
 Passage of Golubria      Tloc           6%         N/A       65%         4
 Silence                  Hex/Air        3%         N/A       94%         5
 Conjure Ball Lightning   Conj/Air       5%         3x3d6     100%        6
 Discord                  Hex            3%         N/A       100%        8
 Disjunction              Tloc           3%         N/A       100%        8
 Lehudib's Crystal Spear  Conj/Erth      11%        10d4      100%        8


Dungeon Overview and Level Annotations

Branches:
Dungeon (5/15)
 Temple: D:4-7

Altars:
Elyvilon
Kikubaaqudgha
Ru
Wu Jian
Xom

Shops:
D:3 [

Annotations:
D:4 Prince Ribbit


Message History

The gnoll shouts!
Prince Ribbit croaks.
Prince Ribbit hops awkwardly around.
A gnoll comes into view. It is wielding a +0 club.
Casting: Magic Dart (safe; 3% risk of failure)
Confirm with . or Enter, or press ? or * to list all spells.
Aiming: Sandblast (safe; 1% risk of failure)
Press: ? - help, Shift-Dir - straight line, f/p - gnoll
Aim: a gnoll, wielding a +0 flail (lightly wounded, 86% to hit)
The blast of sand hits the gnoll!
You kill the gnoll!
The gnoll shouts!
Casting: Sandblast (safe; 1% risk of failure)
Confirm with . or Enter, or press ? or * to list all spells.
Aiming: Stone Arrow (dangerous; 5% risk of failure)
Press: ? - help, Shift-Dir - straight line, f - Prince Ribbit
Aim: Prince Ribbit (50% to hit)
The stone arrow hits Prince Ribbit!
Prince Ribbit is moderately wounded.
Prince Ribbit hits you!
Ouch! That really hurt!
Prince Ribbit misses you.
You climb upwards.
There is a stone staircase leading down here.
Casting: Stone Arrow (dangerous; 5% risk of failure)
Confirm with . or Enter, or press ? or * to list all spells.
Aiming: Stone Arrow (dangerous; 5% risk of failure)
Press: ? - help, Shift-Dir - straight line, f - Prince Ribbit
Aim: Prince Ribbit (moderately wounded, 50% to hit)
The stone arrow misses Prince Ribbit.
Prince Ribbit hits you!
* * * LOW HITPOINT WARNING * * *
Unknown command.
Casting: Stone Arrow (dangerous; 5% risk of failure)
Confirm with . or Enter, or press ? or * to list all spells.
Aiming: Stone Arrow (dangerous; 5% risk of failure)
Press: ? - help, Shift-Dir - straight line, f/p - Prince Ribbit
Aim: Prince Ribbit (moderately wounded, 50% to hit)
The stone arrow hits Prince Ribbit!
Prince Ribbit is heavily wounded.
Prince Ribbit hits you!
You die...

#####......#...
#.##.......##.. ###
#..........###.
#.#####..........####
##...#........)......
##..................
##..#..............
#.##..............
#@###.............
##F# #.............
###.## #.............
#...####.............
##...................
##........##########
#........# #........#
#........##


You could see Prince Ribbit.

Vanquished Creatures
  A black bear (D:2)
  A phantom (D:4)
  A howler monkey (D:4)
  2 hounds (D:3)
  A gnoll (D:5)
  A ribbon worm (D:4)
  2 orcs (D:4)
  2 ball pythons
  4 endoplasms
  A giant cockroach (D:1)
  5 goblins
  4 hobgoblins
  6 quokkas
  6 bats
  5 frilled lizards
  10 kobolds
  3 rats
55 creatures vanquished.

Notes
Turn   | Place    | Note
-------+----------+-------------------------------------------
     0 | D:1      | BlackCrag the Deep Elf Earth Elementalist began the quest
                  | for the Orb.
     0 | D:1      | Reached XP level 1. HP: 10/10 MP: 6/6
   288 | D:1      | Reached XP level 2. HP: 14/15 MP: 0/8
  1116 | D:2      | Reached XP level 3. HP: 19/19 MP: 7/10
  1120 | D:2      | Learned a level 3 spell: Passwall
  1124 | D:2      | Learned a level 3 spell: Stone Arrow
  1358 | D:2      | Reached skill level 4 in Spellcasting
  1493 | D:2      | Learned a level 1 spell: Magic Dart
  1598 | D:2      | Noticed a black bear
  1602 | D:2      | Killed a black bear
  1603 | D:2      | Reached skill level 5 in Spellcasting
  1603 | D:2      | Reached XP level 4. HP: 24/24 MP: 9/13
  2155 | D:3      | Found Soph's Antique Armour Shop.
  2216 | D:3      | Reached XP level 5. HP: 28/28 MP: 10/14
  2248 | D:3      | Learned a level 3 spell: Frozen Ramparts
  3061 | D:4      | Reached skill level 6 in Spellcasting
  3061 | D:4      | Reached skill level 5 in Earth Magic
  3148 | D:4      | Learned a level 2 spell: Searing Ray
  3172 | D:4      | Noticed a phantom
  3180 | D:4      | Killed a phantom
  3181 | D:4      | Reached XP level 6. HP: 28/32 MP: 9/17
  3385 | D:4      | Found a shimmering altar of Xom.
  3385 | D:4      | Found a sacrificial altar of Ru.
  3392 | D:4      | Found an ancient bone altar of Kikubaaqudgha.
  3394 | D:4      | Found an ornate altar of the Wu Jian Council.
  3396 | D:4      | Found a white marble altar of Elyvilon.
  3979 | D:5      | Entered Level 5 of the Dungeon
  3979 | D:5      | Noticed Prince Ribbit
  3986 | D:4      | Mangled by Prince Ribbit

Illustrated notes

Levels and vault maps discovered:
D:1:      roadster_arrival_rocket_large, layout_basic, kennysheep_pointless_box
D:2:      layout_loops_corners, minmay_pentomino_o4
D:3:      layout_basic, serial_shops, shop
D:4:      layout_layer_cave, chequers_temple_overflow_minitemple
D:5:      layout_cave_pools, mainiacjoe_overflow_surrounded_room,
          lemuel_tele_altar, serial_gnoll_camp, gnoll_camp_huts_moat,
          gnoll_camp_mini_hut, gnoll_camp_mini_hut, gnoll_camp_mini_loothouse,
          gnoll_camp_mini_house, grums_kennel, amethyst_killhole,
          dreamdust_princess_corridor, grunt_decor_cap, uniq_menkaure,
          uniq_grinder, uniq_blork_the_orc, uniq_duvessa, uniq_prince_ribbit1

Skill      XL: |  1  2  3  4  5 |
---------------+----------------+-----
Spellcasting   | 5 6 |  6.3
Earth Magic    | 4 5 |  5.3
Conjurations   | 2 |  2.1
Dodging        | |  2.7
Stealth        | |  2.8
Ice Magic      | |  0.5

Action                     |  1- 3 |  4- 6 || total
---------------------------+-------+-------++-------
   Cast: Sandblast         |    48 |    12 ||    60
         Stone Arrow       |       |     9 ||     9
         Magic Dart        |       |    18 ||    18
         Passwall          |       |     8 ||     8
         Searing Ray       |       |     1 ||     1
    Use: Scroll            |     2 |     3 ||     5
 Armour: Robe              |     8 |     4 ||    12
  Dodge: Dodged            |    13 |     2 ||    15
